 Dungeon Crawl Stone Soup version 0.31-a0-216-g22e908daa7 (webtiles) character file.

Game seed: 8070933658335863364

382 qw the Chopper (level 6, 0/38 HPs)
             Began as a Gargoyle Fighter on July 1, 2023.
             Slain by Pikel
             ... wielding a +1 whip of flaming
              (9 damage)
             ... on level 4 of the Dungeon.
             The game lasted 00:01:37 (3156 turns).

qw the Chopper (Gargoyle Fighter)                   Turns: 3156, Time: 00:01:38

Health: 0/38       AC: 15    Str: 22    XL:     6   Next: 76%
Magic:  6/6        EV:  6    Int:  8    God:
Gold:   176        SH:  4    Dex:  9    Spells: 5/5 levels left

rFire   . . .        Y - +2 war axe
rCold   . . .        c - +0 buckler
rNeg    + . .        f - +0 plate armour
rPois   inf          (no helmet)
rElec   +            (no cloak)
rCorr   .            (no gloves)
SInv    .            (no boots)
Will    .....        (no amulet) Stlth
                     (no ring)
HPRegen 0.26/turn    (no ring)
MPRegen 0.10/turn

%: no passive effects
@: no status effects
A: sickness immunity, AC +4, negative energy resistance 1, electricity
resistance, torment resistance 1, petrification resistance
a: no special abilities


You were on level 4 of the Dungeon.
You visited 1 branch of the dungeon, and saw 4 of its levels.

You collected 214 gold pieces.
You spent 38 gold pieces at shops.


Innate Abilities, Weirdness & Mutations

You are immune to sickness and miasma.
Your stone body is resilient. (AC +4)
You are immune to poison.
You resist negative energy. (rN+)
You are resistant to electric shocks. (rElec)
You are resistant to unholy torment.
You are immune to petrification.


   Skills:
 - Level 4.0 Fighting
 + Level 6.0 Axes
 - Level 3.2 Armour
 - Level 3.2 Shields


You had 5 spell levels left.
You didn't know any spells.
Your spell library was empty.

Inventory:

Hand Weapons
 e - a +0 flail
 l - a +0 mace of holy wrath
 Y - a +2 war axe (weapon)
Armour
 c - a +0 buckler (worn)
 f - a +0 plate armour (worn)
 g - a +0 pair of gloves
 k - a +0 cloak
Jewellery
 m - a +6 ring of dexterity
Scrolls
 a - a scroll of identify
Potions
 b - a potion of haste {unknown}
 d - 2 potions of might
 h - a potion of heal wounds {unknown}
 i - a potion of brilliance {unknown}
 j - 2 potions of curing {unknown}

Dungeon Overview and Level Annotations

Branches:
Dungeon (4/15)
 Temple: D:4-7

Altars:

Shops:
D:1 (   D:4 [

Annotations:
D:3 1 runed translucent door, qw's ghost, weakling MiHs
D:4 Pikel


Message History

The orc hits you but does no damage.
You closely miss the orc. You block the orc's attack.
You hit the orc.
The orc is moderately wounded.
The orc hits you but does no damage.
You slash the orc!
You kill the orc!
You slash Pikel!
Pikel is lightly wounded.
Pikel hits you with a +1 whip of flaming.
Pikel burns you. You block Pikel's attack.
You closely miss Pikel.
Pikel is lightly wounded.
Pikel hits you but does no damage.
You closely miss Pikel.
Pikel is lightly wounded.
Pikel hits you but does no damage.
You slash Pikel!
Pikel is moderately wounded.
Pikel hits you but does no damage. You block Pikel's attack.
You barely miss Pikel.
Pikel is moderately wounded.
Pikel says, "You'll rust in Dis!"
Pikel hits you with a +1 whip of flaming.
Pikel burns you.
You hit Pikel.
Pikel is heavily wounded.
Pikel hits you but does no damage.
You closely miss Pikel.
Pikel is heavily wounded.
Pikel hits you but does no damage.
You barely miss Pikel.
Pikel is heavily wounded.
Pikel hits you with a +1 whip of flaming.
Pikel burns you.
You closely miss Pikel.
Pikel is heavily wounded.
Pikel hits you with a +1 whip of flaming!
You die...

#### #........
....#######........ .
...............<... ..
#...........##### ...
#..........# # ....
#..........# # $....
+..........# #
....r5###..))......## #
....O{K@.##'######..####
....55##.##.## ##...##
..... #.##:.########..'
.... #.###......# ####
... #.# ######.# # #+
#.# #.# # #.# #.# # #.#
#.#### # #....###


You could see Pikel, an ogre, 3 lemures and a quokka.

Vanquished Creatures
  2 scorpions (D:4)
  A howler monkey (D:4)
  An orc priest (D:3)
  A jelly (D:3)
  A sleepcap (D:4)
  3 adders
  3 worms
  3 dart slugs
  17 orcs
  5 bats
  8 endoplasms
  3 giant cockroaches
  3 goblins
  5 hobgoblins
  6 jackals
  11 kobolds
  3 quokkas (D:1)
  9 ball pythons
  3 frilled lizards
  7 rats
95 creatures vanquished.

Notes
Turn   | Place    | Note
-------+----------+-------------------------------------------
     0 | D:1      | qw the Gargoyle Fighter began the quest for the Orb.
     0 | D:1      | Reached XP level 1. HP: 14/14 MP: 1/1
     0 | D:1      | 0 ||| qw: Version: 0.3-a-35-g05ef00e
     0 | D:1      | 0 ||| qw: Game counter: 7765
     0 | D:1      | 0 ||| qw: Melee chars always use a shield: true
     0 | D:1      | 0 ||| qw: God list: Okawaru
     0 | D:1      | 0 ||| qw: Allow faded altars: false
     0 | D:1      | 0 ||| qw: Do Orc after clearing Dungeon:15 true
     0 | D:1      | 0 ||| qw: Do second Lair branch before Depths: true
     0 | D:1      | 0 ||| qw: Lair rune preference: random
     0 | D:1      | 0 ||| qw: Goals: Normal, Zot:1-4, Slime:5, God:TSO, Crypt,
                  | Tomb, Abyss, Pan, Hells, Win
     0 | D:1      | 0 ||| PLANNING D:1-11
    26 | D:1      | Reached skill level 2 in Axes
    96 | D:1      | Reached XP level 2. HP: 19/19 MP: 2/2
   138 | D:1      | 138 ||| Stepping ~*~*~tactically~*~*~ (hiding).
   357 | D:1      | 357 ||| Stepping ~*~*~tactically~*~*~ (stealth).
   359 | D:1      | 359 ||| Stepping ~*~*~tactically~*~*~ (hiding).
   477 | D:1      | 477 ||| Stepping ~*~*~tactically~*~*~ (stealth).
   508 | D:1      | Reached skill level 3 in Axes
   547 | D:1      | 547 ||| Stepping ~*~*~tactically~*~*~ (stealth).
   553 | D:1      | Reached XP level 3. HP: 23/23 MP: 3/3
   555 | D:1      | 555 ||| Stepping ~*~*~tactically~*~*~ (stealth).
   556 | D:1      | 556 ||| DROPPING +0 whip.
   685 | D:1      | 685 ||| Stepping ~*~*~tactically~*~*~ (hiding).
   774 | D:1      | 774 ||| Stepping ~*~*~tactically~*~*~ (hiding).
   842 | D:1      | Found Livorr's Weapon Emporium.
   848 | D:1      | 848 ||| BUYING +0 flail (38 gold).
   848 | D:1      | Bought a +0 flail for 38 gold pieces
   848 | D:1      | 848 ||| DROPPING +2 whip of electrocution.
  1134 | D:1      | 1134 ||| UPGRADING to +0 plate armour.
  1144 | D:1      | 1144 ||| DROPPING +0 scale mail.
  1145 | D:1      | 1145 ||| READING 2 scrolls labelled ROASUR RUMM.
  1146 | D:1      | 1146 ||| READING 2 scrolls labelled EPA JANOKHOZU.
  1147 | D:1      | 1147 ||| READING scroll of enchant weapon.
  1147 | D:1      | 1147 ||| ENCHANTING +1 war axe.
  1148 | D:1      | 1148 ||| READING scroll labelled YNEKAP WASU.
  1245 | D:2      | 1245 ||| Stepping ~*~*~tactically~*~*~ (stealth).
  1246 | D:2      | 1246 ||| Stepping ~*~*~tactically~*~*~ (stealth).
  1351 | D:2      | You fall into a shaft and drop 2 floors!
  1352 | D:4      | Noticed a scorpion
  1354 | D:4      | 1354 ||| Stepping ~*~*~tactically~*~*~ (stealth).
  1363 | D:4      | Reached skill level 4 in Axes
  1363 | D:4      | Reached XP level 4. HP: 15/28 MP: 4/4
  1366 | D:4      | Killed a scorpion
  1367 | D:4      | Reached XP level 5. HP: 16/32 MP: 5/5
  1380 | D:4      | Reached skill level 5 in Axes
  1466 | D:4      | 1466 ||| READING scroll labelled QIOTIM YT SICW.
  1467 | D:4      | 1467 ||| READING scroll labelled RUTIGI JEJ OGI.
  1568 | D:4      | 1568 ||| READING 2 scrolls of identify.
  1568 | D:4      | 1568 ||| IDENTIFYING clear potion
  1569 | D:4      | 1569 ||| DROPPING potion of invisibility.
  1685 | D:3      | 1685 ||| Stepping ~*~*~tactically~*~*~ (stealth).
  1704 | D:3      | HP: 6/33 [orc priest/+0 flail (4)]
  1706 | D:3      | Reached XP level 6. HP: 8/38 MP: 6/6
  1868 | D:2      | 1868 ||| Stepping ~*~*~tactically~*~*~ (hiding).
  1870 | D:2      | 1870 ||| Stepping ~*~*~tactically~*~*~ (hiding).
  1872 | D:2      | 1872 ||| Stepping ~*~*~tactically~*~*~ (hiding).
  1873 | D:2      | 1873 ||| Stepping ~*~*~tactically~*~*~ (hiding).
  1874 | D:2      | 1874 ||| Stepping ~*~*~tactically~*~*~ (hiding).
  1934 | D:2      | 1934 ||| Stepping ~*~*~tactically~*~*~ (stealth).
  1935 | D:2      | 1935 ||| Stepping ~*~*~tactically~*~*~ (stealth).
  2284 | D:2      | Found a faded altar of an unknown god.
  2413 | D:3      | Found a runed translucent door.
  2413 | D:3      | Noticed qw's ghost (weakling MiHs)
  2911 | D:4      | Found Qacuaxerph's Armour Shoppe.
  2970 | D:4      | 2970 ||| Stepping ~*~*~tactically~*~*~ (stealth).
  3052 | D:4      | Reached skill level 6 in Axes
  3137 | D:4      | Noticed Pikel
  3155 | D:4      | HP: 9/38 [Pikel/+1 whip of flaming (2)]
  3156 | D:4      | Slain by Pikel

Levels and vault maps discovered:
D:1:      psy_arrival_radial01, layout_basic, serial_shops,
          nicolae_shop_bloodbath_and_beyond, minmay_misc_feat_iff,
          minmay_misc_feat_encased, minmay_split_cup_large
D:2:      layout_rooms, nicolae_ecumenical_snake_handling,
          minmay_misc_feat_hallway
D:3:      layout_basic, hellmonk_ghost_happy_afterlife
D:4:      layout_basic, serial_park_tiny_1, dk_vineyard_3,
          nicolae_take_the_stairs, nrook_campfire, uniq_pikel

Skill      XL: |  1  2  3  4  5  6 |
---------------+-------------------+-----
Axes           | 2 3 4 5 6 |  6.0
Fighting       | 4 |  4.0
Armour         | |  3.2
Shields        | |  3.2

Action                     |  1- 3 |  4- 6 || total
---------------------------+-------+-------++-------
  Melee: War axe           |   124 |   138 ||   262
    Use: Scroll            |     4 |     3 ||     7
 Armour: Scale mail        |    48 |       ||    48
         Plate armour      |    26 |    95 ||   121
  Dodge: Dodged            |    57 |    48 ||   105
  Block: Buckler           |    27 |    22 ||    49

Table legend:
 A = Non-vault XP
 B = Vault XP
 C = Vault XP percentage of total XP
 D = Non-vault monster count
 E = Vault monster count
 F = Vault count percentage of total count
                 A         B        C        D         E       F
            +---------+---------+-------+---------+---------+-------
      Total |     536 |      10 |   1.8 |      87 |       8 |   8.4
            +---------+---------+-------+---------+---------+-------
        D:1 |      41 |       6 |  12.8 |      23 |       4 |  14.8
        D:2 |      41 |       4 |   8.9 |      19 |       4 |  17.4
        D:3 |     147 |       0 |   0.0 |      22 |       0 |   0.0
        D:4 |     307 |       0 |   0.0 |      23 |       0 |   0.0
            +---------+---------+-------+---------+---------+-------
